 Dungeon Crawl Stone Soup version 0.20.1-1-g8b1a95d (webtiles) character file.

4049 equalderp2856 the Cleaver (level 10, -3/89 HPs)
             Began as a Minotaur Fighter on Sept 6, 2017.
             Slain by a killer bee (4 damage)
             ... on level 7 of the Dungeon.
             The game lasted 00:15:05 (7443 turns).

equalderp2856 the Cleaver (Minotaur Fighter)        Turns: 7443, Time: 00:15:06

Health: -3/89      AC: 18    Str: 21    XL:     10   Next: 4%
Magic:  9/9        EV:  6    Int:  6    God:
Gold:   330        SH: 11    Dex: 12    Spells: 9/9 levels left

rFire    . . .     SeeInvis .   a - +0 war axe
rCold    . . .     Gourm    .   c - +0 shield
rNeg     . . .     Faith    .   J - +0 plate armour
rPois    .         Spirit   .   (helmet restricted)
rElec    .         Reflect  .   I - +0 cloak
rCorr    .         Harm     .   B - +0 pair of gloves (curse)
MR       .....                  C - +0 pair of boots
Stlth    ..........             (no amulet)
Regen    0.3/turn               m - ring of wizardry
MPRegen  0.2/turn               (no ring)

@: lethally poisoned (-3 -> -3), starving
A: retaliatory headbutt, horns 2
a: no special abilities


You were on level 7 of the Dungeon.
You were starving.

You visited 1 branch of the dungeon, and saw 8 of its levels.

You collected 363 gold pieces.
You spent 33 gold pieces at shops.

Inventory:

Hand Weapons
 a - a +0 war axe (weapon)
 s - a +0 hand crossbow
Armour
 b - a +0 scale mail
 c - a +0 shield (worn)
 v - a +0 chain mail
 B - a cursed +0 pair of gloves (worn)
 C - a +0 pair of boots (worn)
 F - a +2 leather armour of fire resistance
 I - a +0 cloak (worn)
 J - a +0 plate armour (worn)
Jewellery
 m - a ring of wizardry (left hand)
Wands
 t - a wand of confusion (25/48)
 u - a wand of flame (11/48)
 w - a wand of confusion (31/48)
 E - a wand of digging (13/24)
 G - a wand of lightning (0/15)
Scrolls
 e - 3 scrolls of random uselessness {unknown}
 g - 3 scrolls of amnesia {unknown}
 h - a scroll of recharging {unknown}
 i - 3 scrolls of magic mapping {unknown}
 j - 2 scrolls of fear {unknown}
 l - 3 scrolls of enchant armour {unknown}
 p - 3 scrolls of teleportation
 r - 3 scrolls of identify {unknown}
 y - 4 scrolls of remove curse {unknown}
 D - a scroll of holy word {unknown}
 L - a scroll of enchant weapon {unknown}
Potions
 d - a potion of might
 n - 2 potions of flight {unknown}
 x - a potion of ambrosia {unknown}
 z - a potion of mutation {unknown}
 A - 4 potions of haste {unknown}
 H - a potion of experience {unknown}
 K - a potion of resistance {unknown}
Comestibles
 f - 4 bread rations
 k - 7 meat rations
 q - 5 royal jellies


   Skills:
 + Level 8.3 Fighting
 + Level 10.9 Axes
 + Level 8.5 Armour
 + Level 2.9 Dodging
 + Level 1.1 Stealth
 + Level 8.3 Shields


You had 9 spell levels left.
You didn't know any spells.

Dungeon Overview and Level Annotations

Branches:
Dungeon (8/15)             Temple (0/1) D:6
   Lair: D:8-11

Altars:
Ashenzari
Cheibriados
Dithmenos
Elyvilon
Gozag
Hepliaklqana
Makhleb
Nemelex Xobeh
Qazlal
Vehumet
Xom
Yredelemnul

Shops:
D:4 :   D:5 ?   D:7 *:[!


Innate Abilities, Weirdness & Mutations

You reflexively headbutt those who attack you in melee.
You have a pair of horns on your head.


Message History

* * * LOW HITPOINT WARNING * * *
You are poisoned.
The killer bee poisons you!
Your shield and plate armour prevent you from hitting the killer bee.
Your headbutt misses the killer bee.
The killer bee is almost dead.
You feel sick. The killer bee barely misses you. The killer bee stings you.
* * * LOW HITPOINT WARNING * * *
Unknown command.
You barely miss the killer bee. Your headbutt misses the killer bee.
The killer bee is almost dead.
The killer bee stings you but does no damage.
Unknown command.
You miss the killer bee.
The killer bee is almost dead.
* * * LOW HITPOINT WARNING * * *
You feel sick. You block the killer bee's attack.
The killer bee stings you but does no damage.
The killer bee stings you.
You die...

..................# ##....
..................# ####....#
..................# ####.....###
...........>......####.....##..#
..................#.....#####..##
....................##### ##..#
..........[......#### ##...
...............y## ##....
............>..†@## ###....#
#.∩...........##..# ######....###
#.............##.[###...#....##
.............####[.#.......###
.#........#### ##[........###
########### #...........## #
##............## #####
#..............# ######...#
#..............#


You could see a killer bee.

Vanquished Creatures
  A two-headed ogre (D:8)
  A kobold demonologist (D:8)
  A hippogriff (D:7)
  Edmund (D:6)
  2 orc warriors
  A black bear (D:7)
  2 phantoms
  An ogre (D:8)
  2 centaurs (D:6)
  12 big kobolds (D:8)
  A scorpion (D:5)
  6 killer bees
  4 howler monkeys
  3 crimson imps
  2 hounds
  2 centaur skeletons
  A gnoll shaman (D:8)
  4 orc wizards
  7 worker ants
  Ijyb (D:3)
  A worker ant zombie (D:8)
  8 gnolls
  9 adders
  An ooze (D:2)
  3 adder skeletons
  5 worms
  3 dart slugs
  4 leopard geckos
  27 orcs
  9 bats
  2 giant cockroaches (D:6)
  2 goblins
  2 hobgoblins (D:1)
  8 jackals
  2 quokkas (D:4)
  3 frilled lizards
  19 kobolds
  A leopard gecko skeleton (D:7)
  A quokka skeleton (D:6)
  A quokka zombie (D:4)
  4 rats
170 creatures vanquished.

Notes
Turn   | Place    | Note
-------+----------+-------------------------------------------
     0 | D:1      | equalderp2856 the Minotaur Fighter began the quest for the Orb.
     0 | D:1      | Reached XP level 1. HP: 19/19 MP: 0/0
   305 | D:1      | Reached XP level 2. HP: 27/27 MP: 1/1
   720 | D:2      | Found a radiant altar of Vehumet.
   903 | D:2      | Reached XP level 3. HP: 33/33 MP: 2/2
  1287 | D:2      | Found a burning altar of Makhleb.
  1287 | D:2      | Noticed a green death
  1455 | D:2      | Noticed a smoke demon
  1455 | D:2      | Noticed a smoke demon
  1614 | D:3      | Reached skill level 3 in Axes
  1662 | D:3      | Reached XP level 4. HP: 41/41 MP: 3/3
  1717 | D:3      | Found a basalt altar of Yredelemnul.
  1845 | D:3      | Noticed Ijyb
  1857 | D:3      | Killed Ijyb
  1857 | D:3      | Reached skill level 1 in Dodging
  2351 | D:4      | Found a stormy altar of Qazlal.
  2385 | D:4      | Reached XP level 5. HP: 47/47 MP: 4/4
  2407 | D:4      | Reached skill level 4 in Axes
  2427 | D:4      | Found Joexirim's Book Boutique.
  2482 | D:4      | Reached skill level 5 in Armour
  2488 | D:4      | Reached skill level 5 in Fighting
  2544 | D:4      | Reached XP level 6. HP: 43/56 MP: 5/5
  2629 | D:4      | Found a white marble altar of Elyvilon.
  3012 | D:5      | Entered Level 5 of the Dungeon
  3053 | D:5      | Found a shadowy altar of Dithmenos.
  3070 | D:5      | Reached skill level 5 in Shields
  3080 | D:5      | Found a shimmering altar of Xom.
  3350 | D:5      | Found Gyen's Magic Scroll Shop.
  3358 | D:5      | Bought a scroll of teleportation for 33 gold pieces
  3359 | D:5      | Found a sparkling altar of Nemelex Xobeh.
  3831 | D:6      | Noticed a sky beast
  4098 | D:6      | Noticed an orc warrior
  4124 | D:4      | Reached XP level 7. HP: 12/61 MP: 6/6
  4714 | D:5      | Reached skill level 5 in Axes
  4899 | D:6      | Found a staircase to the Ecumenical Temple.
  4975 | D:6      | Reached skill level 6 in Axes
  5206 | D:6      | Noticed Edmund
  5216 | D:6      | Killed Edmund
  5216 | D:6      | Reached XP level 8. HP: 55/70 MP: 7/7
  5302 | D:6      | Found a snail-covered altar of Cheibriados.
  5568 | D:7      | Found an opulent altar of Gozag.
  5580 | D:7      | Found a shadowy altar of Dithmenos.
  5612 | D:7      | Found Byogomer's Assorted Antiques.
  5701 | D:7      | Reached skill level 7 in Axes
  5804 | D:7      | Found Cijoril's Distillery.
  5904 | D:7      | Found a shattered altar of Ashenzari.
  5930 | D:7      | Noticed a hippogriff
  5941 | D:7      | Killed a hippogriff
  5941 | D:7      | Reached skill level 8 in Axes
  6103 | D:7      | Found Xeir's Armour Boutique.
  6129 | D:7      | Found Yraeq's Book Boutique.
  6469 | D:8      | Noticed a two-headed ogre
  6488 | D:7      | Reached XP level 9. HP: 31/78 MP: 8/8
  6756 | D:8      | Found a hazy altar of Hepliaklqana.
  6774 | D:8      | Reached skill level 9 in Axes
  6945 | D:8      | Noticed a kobold demonologist
  6966 | D:8      | Noticed an ice devil
  6972 | D:8      | Noticed a hellwing
  6976 | D:8      | Noticed a sun demon
  6982 | D:8      | Killed a kobold demonologist
  7009 | D:8      | Reached skill level 10 in Axes
  7296 | D:8      | Killed a two-headed ogre
  7296 | D:8      | Reached skill level 1 in Stealth
  7296 | D:8      | Reached XP level 10. HP: 40/89 MP: 9/9
  7436 | D:7      | HP: 4/89 [killer bee (7)]
  7441 | D:7      | HP: 3/89 [poisoned by a killer bee]
  7443 | D:7      | HP: 1/89 [poisoned by a killer bee]
  7443 | D:7      | Slain by a killer bee

Skill      XL: |  1  2  3  4  5  6  7  8  9 |
---------------+----------------------------+-----
Armour         | 4 5 6 7 8 |  8.5
Fighting       | 4 5 6 8 |  8.3
Shields        | 4 5 6 7 8 |  8.3
Axes           | 3 4 6 8 10 | 10.9
Dodging        | 1 2 |  2.9
Stealth        | 1 |  1.1

Action                   |  1- 3 |  4- 6 |  7- 9 | 10-12 || total
-------------------------+-------+-------+-------+-------++-------
Melee: War axe           |    78 |   164 |   295 |    19 ||   556
       Headbutt          |    18 |    26 |    62 |       ||   106
Evoke: Wand              |       |       |     1 |       ||     1
  Use: Potion            |       |     1 |     1 |     2 ||     4
       Scroll            |       |       |     1 |       ||     1
  Eat: Chunk             |     2 |     5 |     7 |       ||    14
       Fruit             |       |     3 |     3 |       ||     6
Armor: Scale mail        |    35 |    89 |     8 |       ||   132
       Chain mail        |       |       |    36 |       ||    36
       Plate armour      |       |       |   168 |    43 ||   211
Dodge: Dodged            |    36 |    59 |    87 |    12 ||   194
Block: Shield            |    50 |   115 |   197 |    41 ||   403
